 Dungeon Crawl Stone Soup version 0.27-a0-1548-gf8a67e7463 (webtiles) character file.

Game seed: 942623279506663461

335 bande the Covered (level 6, -1/38 HPs)
             Began as a Gargoyle Fighter on July 13, 2021.
             Slain by a gnoll (4 damage)
             ... on level 4 of the Dungeon.
             The game lasted 00:06:29 (4273 turns).

bande the Covered (Gargoyle Fighter)                Turns: 4273, Time: 00:06:30

Health: -1/38      AC: 14    Str: 17    XL:     6   Next: 53%
Magic:  6/6        EV:  5    Int:  9    God:
Gold:   207        SH:  9    Dex: 11    Spells: 5/5 levels left

rFire    . . .     SeeInvis .   a - +0 war axe
rCold    . . .     Faith    .   c - +0 kite shield
rNeg     + . .     Spirit   .   i - +0 chain mail
rPois    ∞         Reflect  .   (no helmet)
rElec    +         Harm     .   (no cloak)
rCorr    .         Rampage  .   (no gloves)
Will     .....                  (no boots)
Stlth    ..........             (no amulet)
HPRegen  0.12/turn              h - +4 ring of slaying
MPRegen  0.10/turn              (no ring)

@: mighty, attractive, flying
A: sickness immunity, AC +4, negative energy resistance 1, electricity
resistance, torment resistance 1, petrification resistance, big wings, weak 1
a: no special abilities


You were on level 4 of the Dungeon.
You visited 1 branch of the dungeon, and saw 4 of its levels.

You collected 207 gold pieces.

Inventory:

Hand Weapons
 a - a +0 war axe (weapon)
Armour
 c - a +0 kite shield (worn)
 i - a +0 chain mail (worn)
Jewellery
 b - a ring of positive energy
 f - an amulet of magic regeneration
 g - a ring of protection from cold
 h - a +4 ring of slaying (left hand)
 m - a ring of wizardry
Scrolls
 e - 2 scrolls of enchant weapon {unknown}
 k - a scroll of teleportation {unknown}
 l - 3 scrolls of identify
 o - 3 scrolls of fear {unknown}
 p - a scroll of silence {unknown}
 q - a scroll of magic mapping {unknown}
 r - a scroll of holy word {unknown}
Potions
 s - a potion of magic


   Skills:
 + Level 3.9 Fighting
 + Level 4.4 Axes
 + Level 4.6 Armour
 + Level 0.8 Dodging
 + Level 4.2 Shields


You had 5 spell levels left.
You didn't know any spells.
Your spell library contained the following spells:

 Spells                   Type           Power      Damage    Failure   Level
 Pain                     Necr           0%         1d4       100%        1
 Ozocubu's Armour         Ice            0%         N/A       100%        3
 Agony                    Necr           0%         N/A       100%        5
 Excruciating Wounds      Necr           0%         N/A       100%        5
 Metabolic Englaciation   Hex/Ice        0%         N/A       100%        5
 Simulacrum               Ice/Necr       0%         N/A       100%        6


Dungeon Overview and Level Annotations

Branches:
Dungeon (4/15)
 Temple: D:4-7

Altars:
Uskayaw

Shops:
D:3 :


Innate Abilities, Weirdness & Mutations

You are immune to sickness and miasma.
Your stone body is resilient. (AC +4)
You are immune to poison.
You resist negative energy. (rN+)
You are resistant to electric shocks. (rElec)
You are resistant to unholy torment.
You are immune to petrification.
Your large and strong wings let you fly.
You are weak. (Str -2)


Message History

You are too injured to fight recklessly!
You are too injured to fight recklessly!
You are too injured to fight recklessly!
You are too injured to fight recklessly!
You are too injured to fight recklessly!
You are too injured to fight recklessly!
You are too injured to fight recklessly!
You are too injured to fight recklessly!
You are too injured to fight recklessly!
You are too injured to fight recklessly!
Unknown command.
The gnoll hits you but does no damage. The gnoll hits you with a +0 spear.
* * * LOW HITPOINT WARNING * * *
The gnoll hits you with a +0 club.
* * * LOW HITPOINT WARNING * * *
Unknown command.
It was a potion of flight.
You feel more buoyant. The gnoll closely misses you.
You block the gnoll's attack. The gnoll hits you but does no damage.
It was a potion of attraction.
You feel attractive to monsters. The gnoll hits you with a +0 spear.
* * * LOW HITPOINT WARNING * * *
The gnoll hits you but does no damage. x2
You feel very mighty all of a sudden. The gnoll barely misses you.
You block the gnoll's attack. The gnoll hits you with a +0 club.
* * * LOW HITPOINT WARNING * * *
Unknown command.
You closely miss the gnoll. x2; You slash the gnoll!
You kill the gnoll!
The gnoll hits you but does no damage. You block the gnoll's attack.
Unknown command.
You closely miss the gnoll. You hit the gnoll.
You kill the gnoll!
You block the gnoll's attack. The gnoll hits you but does no damage.
Your shield prevents you from hitting the gnoll.
The gnoll hits you with a +0 spear.
You die...

.##................ #.
##.................. #..
.#..##.............#
....#...##...#.........#
...>#...##..##.........#
......#.#......##....(..
...............#.......#
......)g.......#....†...
.......@)..........##...
.......)............#...
........[.............##
#......................#
.................#.....#
...........#....###.....
.........!.##...........
.#.........###...##>....
##...##.........###....


You could see a gnoll.

Vanquished Creatures
  A scorpion (D:4)
  A centaur skeleton (D:3)
  An iguana (D:3)
  An orc wizard (D:3)
  Robin (D:3)
  3 gnolls (D:4)
  4 adders
  2 worms
  A dart slug (D:2)
  2 orcs (D:3)
  7 bats
  8 endoplasms
  3 giant cockroaches (D:2)
  12 hobgoblins
  10 jackals
  5 quokkas
  6 ball pythons
  11 frilled lizards
  18 goblins
  11 kobolds
  5 rats
113 creatures vanquished.

Notes
Turn   | Place    | Note
-------+----------+-------------------------------------------
     0 | D:1      | bande the Gargoyle Fighter began the quest for the Orb.
     0 | D:1      | Reached XP level 1. HP: 14/14 MP: 1/1
   386 | D:1      | Reached XP level 2. HP: 6/19 MP: 2/2
   984 | D:1      | Reached XP level 3. HP: 23/23 MP: 3/3
  1001 | D:1      | Found a faded altar of an unknown god.
  1004 | D:1      | Noticed a golden eye
  1004 | D:1      | Noticed a floating eye
  1010 | D:1      | Noticed a floating eye
  1020 | D:1      | Noticed a great orb of eyes
  1720 | D:2      | Reached XP level 4. HP: 28/28 MP: 4/4
  2047 | D:2      | You fall into a shaft and drop 1 floor!
  2155 | D:3      | Noticed Robin
  2167 | D:3      | Reached XP level 5. HP: 20/32 MP: 5/5
  2168 | D:3      | Killed Robin
  2315 | D:3      | Gained mutation: You are weak. (Str -2) [potion of
                  | mutation]
  2315 | D:3      | Gained mutation: Your large and strong wings let you fly.
                  | [potion of mutation]
  3284 | D:3      | Found Tynin's Book Shoppe.
  3301 | D:3      | Noticed a +0 dagger
  3301 | D:3      | Noticed a +0 hand axe
  3302 | D:3      | Found a hide-covered altar of Uskayaw.
  3588 | D:3      | Reached XP level 6. HP: 38/38 MP: 6/6
  4273 | D:4      | Slain by a gnoll

Illustrated notes

Levels and vault maps discovered:
D:1:      saegor_arrival_miasma, layout_loops_corners,
          hellmonk_ecumenical_altar_watching_god, hangedman_decor_points,
          minmay_misc_feat_tiny, minmay_pentomino_w2
D:2:      minmay_thinvault, layout_basic
D:3:      layout_loops_ring, dancing_weapons_uskayaw, serial_shops,
          nicolae_shop_behind_doors, uniq_robin
D:4:      layout_cave_pools

Skill      XL: |  1  2  3  4  5 |
---------------+----------------+-----
Axes           | 2 3 4 |  4.4
Armour         | 4 |  4.6
Shields        | 4 |  4.2
Fighting       | |  3.9
Dodging        | |  0.8

Action                   |  1- 3 |  4- 6 || total
-------------------------+-------+-------++-------
Melee: War axe           |    96 |   160 ||   256
  Use: Potion            |     2 |     4 ||     6
       Scroll            |     1 |     1 ||     2
Armor: Scale mail        |    46 |       ||    46
       Chain mail        |     4 |   151 ||   155
Dodge: Dodged            |    31 |    46 ||    77
Block: Kite shield       |    53 |   102 ||   155

Table legend: (Time is in decaauts)
 A = Elapsed time spent in this place.
 B = Non-inter-level travel time spent in this place.
 C = Inter-level travel time spent in this place.
 D = Time resting spent in this place.
 E = Time spent auto-exploring this place.
 F = Levels seen in this place.
 G = Mean time per level.
                   A        B        C        D        E       F      G
               +--------+--------+--------+--------+--------+-----+--------+
         Total |   4402 |   4296 |    106 |    451 |   2919 |   4 | 1100.5 |
       Dungeon |   4402 |   4296 |    106 |    451 |   2919 |   4 | 1100.5 |
               +--------+--------+--------+--------+--------+-----+--------+

Top non-repeatable levels by time:
     D:1: 1582 daAuts
     D:2: 1449 daAuts
     D:3: 1142 daAuts
     D:4: 227 daAuts
